 Dungeon Crawl Stone Soup version 0.30.0-29-ga12c61a403 (webtiles) character file.

Game seed: 2989927908606637308

19 monsoonserge the Vexing (level 2, 15/15 HPs)
             Began as a Vampire Enchanter on June 13, 2023.
             Was a Plaything of Xom.
             Quit the game on level 1 of the Dungeon.
             The game lasted 00:01:46 (676 turns).

monsoonserge the Vexing (Vampire Enchanter)          Turns: 676, Time: 00:01:47

Health: 15/15      AC:  3    Str:  7    XL:     2   Next: 55%
Magic:  5/5        EV: 11    Int: 17    God:    Xom [..*...]
Gold:   39         SH:  0    Dex: 14    Spells: 3/5 levels left

rFire   . . .        a - +1 dagger
rCold   + + .        (no shield)
rNeg    + + +        d - +0 leather armour
rPois   ∞            (no helmet)
rElec   .            (no cloak)
rCorr   .            (no gloves)
SInv    +            (no boots)
Will    .....        (no amulet)
Stlth   +++++        (no ring)
HPRegen 0.22/turn    (no ring)
MPRegen 0.09/turn

%: no passive effects
@: bloodless
A: bloodless, fangs 3, see invisible, vampiric 1
a: Revivify, Renounce Religion


You were on level 1 of the Dungeon.
You worshipped Xom.
You were a toy of Xom.
You visited 1 branch of the dungeon, and saw 1 of its levels.

You collected 39 gold pieces.

Inventory:

Hand Weapons
 a - a +1 dagger (weapon)
Missiles
 g - 3 poisoned darts (quivered)
Armour
 b - a +0 robe
 d - a +0 leather armour (worn)
Scrolls
 e - a scroll of acquirement {unknown}
 f - a scroll of identify {unknown}
Potions
 c - 2 potions of invisibility


   Skills:
 + Level 1.2 Short Blades
 * Level 0.3 Armour
 + Level 2.2 Dodging
 + Level 5.0 Stealth
 - Level 2.0 Spellcasting
 + Level 5.0 Hexes
 * Level 0.2 Ice Magic


You had 3 spell levels left.
You knew the following spells:

 Your Spells              Type           Power      Damage    Failure   Level
a - Ensorcelled Hibernat  Hex/Ice        20%        N/A       14%         2

Your spell library contained the following spells:

 Spells                   Type           Power      Damage    Failure   Level
 Confusing Touch          Hex            18%        N/A       11%         3
 Tukima's Dance           Hex            18%        N/A       11%         3
 Dazzling Flash           Conj/Hex       20%        N/A       30%         3


Dungeon Overview and Level Annotations

Branches:
Dungeon (1/15)

Altars:
Xom


Innate Abilities, Weirdness & Mutations

You do not regenerate when monsters are visible.
You are frail without blood (-20% HP).
You can heal yourself when you bite living creatures.
You are immune to poison.
You have razor-sharp teeth.
You have supernaturally acute eyesight. (SInv)
You are afflicted with vampirism.


Message History

The quokka is moderately wounded.
The quokka barely misses you.
You barely miss the quokka.
The quokka is moderately wounded.
The quokka bites you.
* * * LOW HITPOINT WARNING * * *
The quokka bites you.
* * * LOW HITPOINT WARNING * * *
Casting: Ensorcelled Hibernation (safe; 14% risk of failure)
Confirm with . or Enter, or press ? or * to list all spells.
Aiming: Ensorcelled Hibernation (safe; 14% risk of failure)
Press: ? - help, Shift-Dir - straight line, f - quokka
Aim: a quokka (moderately wounded, chance to affect: 62%)
The quokka looks drowsy...
The helpless quokka fails to defend itself.
You bite the quokka, and draw its blood!
You feel better.
You puncture the quokka!
You kill the quokka!
You see here a quokka corpse.
You start resting.
Magic restored.
You start resting.
HP restored.
A dart slug comes into view.
A rat comes into view.
The helpless dart slug fails to defend itself.
You impale the dart slug!!
You kill the dart slug!
Your Stealth skill increases to level 5!
Found a dagger.
Found a faded altar of an unknown god.
The helpless rat fails to defend itself.
You bite the rat, and draw its blood! You impale the rat!!
You kill the rat!
There is a faded altar of an unknown god here.
You see here a +0 dagger.
This altar belongs to (a) Ignis, (b) Xom or (c) Wu Jian, but you can't tell which.
Press the corresponding letter to learn more about a god, or press enter to convert or escape to cancel.
Xom accepts your prayer! Xom welcomes you!
Xom is fascinated!
Are you sure you want to abandon this character and quit the game? (Confirm with "yes".)

##......##.#.#
##......###.#.#.
#......###..#.#.# ###
......####.##.#.#
...# .....##
#..##.#.# ...# ....##
##.###.#.##...# ...##
##..# #........###
..## ##..##
#........... .##
##..## #...@....# .#
##..## #......###
.###..## #......#
.#...## #.######
...##########.######
.###.................
.....################
######


There were no monsters in sight!

Vanquished Creatures
  A dart slug (D:1)
  A ball python (D:1)
  An endoplasm (D:1)
  3 giant cockroaches (D:1)
  2 goblins (D:1)
  A hobgoblin (D:1)
  A quokka (D:1)
  2 bats (D:1)
  A frilled lizard (D:1)
  A kobold (D:1)
  A rat (D:1)
15 creatures vanquished.

Notes
Turn   | Place    | Note
-------+----------+-------------------------------------------
     0 | D:1      | monsoonserge the Vampire Enchanter began the quest for the
                  | Orb.
     0 | D:1      | Reached XP level 1. HP: 13/13 MP: 3/3
   335 | D:1      | Reached XP level 2. HP: 15/15 MP: 5/5
   338 | D:1      | Learned a level 2 spell: Ensorcelled Hibernation
   568 | D:1      | Reached skill level 5 in Hexes
   665 | D:1      | Reached skill level 5 in Stealth
   668 | D:1      | Found a faded altar of an unknown god.
   675 | D:1      | Prayed at the altar of an unknown god.
   675 | D:1      | Became a worshipper of Xom the Random Number God
   676 | D:1      | Quit the game

Illustrated notes

Levels and vault maps discovered:
D:1:      dpeg_arrival_central, layout_basic,
          ebering_ecumenical_altar_sacrificial, nrook_mini_vaults

Skill      XL: |  1  2 |
---------------+-------+-----
Hexes          | 5 |  5.0
Stealth        | 5 |  5.0
Short Blades   | |  1.2
Armour         | |  0.3
Dodging        | |  2.2
Spellcasting   | |  2.0
Ice Magic      | |  0.2

Action                     || total
---------------------------++-------
  Melee: Dagger            ||    45
         Bite              ||     4
   Cast: Ensorcelled Hiber ||     1
Ability: Exsanguinate      ||     2
   Stab: Sleeping          ||     9
 Armour: Leather armour    ||     8
  Dodge: Dodged            ||    20
